 Dungeon Sprint DCSS version 0.26-a0-682-g294304f6e8 (webtiles) character file.

Game seed: 1217298757888821357

91 Conn the Magician (level 4, -6/27 HPs)
             Began as an Octopode Hedge Wizard on Oct 20, 2020.
             Mangled by a boulder beetle (33 damage)
             ... in the Dungeon (Sprint II: "The Violet Keep of Menkaure").
             The game lasted 00:03:27 (332 turns).

Conn the Magician (Octopode Hedge Wizard)            Turns: 332, Time: 00:03:27

Health: -6/27      AC:  1    Str:  9    XL:     4   Next: 57%
Magic:  13/13      EV: 14    Int: 17    God:
Gold:   243        SH:  0    Dex: 11    Spells: 6/17 levels left

rFire    . . .     SeeInvis .   a - +0 dagger
rCold    . . .     Faith    .   (no shield)
rNeg     . . .     Spirit   .   b - +0 hat
rPois    .         Reflect  .   (no amulet)
rElec    .         Harm     .   (no ring)
rCorr    .         Rampage  .   (no ring)
MR       .....     NoTele   +   (no ring)
Stlth    ++++......             (no ring)
HPRegen  0.09/turn              (no ring)
MPRegen  0.13/turn              (no ring)
                                (no ring)
                                (no ring)

@: no status effects
A: almost no armour, stealthy swim, amphibious, 8 rings, constrict 8, camouflage
1, gelatinous body 1
a: no special abilities


You were in the Dungeon.
You visited 1 branch You collected 243 gold pieces.

Inventory:

Hand Weapons
 a - a +0 dagger (weapon)
Armour
 b - a +0 hat (worn)
Scrolls
 i - a scroll of blinking
Potions
 e - a potion of heal wounds
 g - 2 potions of magic


   Skills:
 + Level 1.0 Short Blades
 + Level 3.7 Dodging
 + Level 4.4 Stealth
 * Level 7.4 Spellcasting
 * Level 1.0 Conjurations
 + Level 1.0 Summonings
 + Level 1.0 Translocations


You had 6 spell levels left.
You knew the following spells:

 Your Spells              Type           Power        Failure   Level
a - Magic Dart            Conj           #...         8%          1
b - Blink                 Tloc           N/A          11%         2
c - Call Imp              Summ           #.......     11%         2
d - Conjure Flame         Conj/Fire      #.......     26%         3
e - Mephitic Cloud        Conj/Pois/Air  #.......     28%         3

Your spell library contained the following spells:

 Spells                   Type           Power        Failure   Level
 Slow                     Hex            #.......     17%         2


Dungeon Overview and Level Annotations

Branches:
Dungeon (1/1)

Altars:


Innate Abilities, Weirdness & Mutations

You cannot wear most types of armour.
You are very stealthy in the water. (Stealth+)
You are amphibious.
You can wear up to eight rings at the same time.
You can use your tentacles to constrict eight enemies at once.
Your skin changes colour to match your surroundings (Stealth+).
Your rubbery body absorbs attacks. (AC +1, EV +1)


Message History

Your white imp closely misses the merfolk siren.
The merfolk siren hits your white imp with a +0 spear!
Your white imp dies!
You break out of your daze!
There is an open door here.
You close the door.
Sorry, you're not good enough to have a special ability.
Casting: Magic Dart (safe; 8% risk of failure)
Confirm with . or Enter, or press ? or * to list all spells.
Okay, then.
You start resting.
Magic restored.
A boulder beetle comes into view.
A boulder beetle comes into view.
There is an open door here.
A wyvern comes into view.
The boulder beetle curls into a ball and begins rolling!
The boulder beetle hits you!!
Ouch! That really hurt!
You die...

## #l ### #.
#.###'# #
##..##.##○○.#
+.##@B○○○#
##..##.##.B.#
#.###m# # ###
... ..#.. ##.
.## ## ##


You could see 2 boulder beetles.

Vanquished Creatures
  4 worker ants (D)
4 creatures vanquished.

Notes
Turn   | Place    | Note
-------+----------+-------------------------------------------
     0 | D        | Conn the Octopode Hedge Wizard began the quest for the Orb.
     0 | D        | Reached XP level 1. HP: 11/11 MP: 4/4
     1 | D        | Noticed a worker ant
     1 | D        | Noticed a worker ant
     1 | D        | Noticed a worker ant
     1 | D        | Noticed a worker ant
     4 | D        | Killed a worker ant
     4 | D        | Reached skill level 5 in Spellcasting
     4 | D        | Reached XP level 2. HP: 17/17 MP: 5/8
     4 | D        | Reached XP level 3. HP: 21/21 MP: 5/9
     8 | D        | Reached skill level 6 in Spellcasting
    15 | D        | Reached XP level 4. HP: 15/27 MP: 5/12
    17 | D        | Reached skill level 1 in Short Blades
    17 | D        | Reached skill level 7 in Spellcasting
    33 | D        | Learned a level 2 spell: Blink
    36 | D        | Learned a level 2 spell: Call Imp
    40 | D        | Learned a level 3 spell: Conjure Flame
    44 | D        | Learned a level 3 spell: Mephitic Cloud
   189 | D        | Noticed a merfolk siren
   329 | D        | Noticed a boulder beetle
   330 | D        | Noticed a boulder beetle
   331 | D        | Noticed a wyvern
   332 | D        | Mangled by a boulder beetle

Illustrated notes

Levels and vault maps discovered:
D:        the_violet_keep_of_menkaure [sprint2_stairs_cluster_1,
          sprint2_shoproom, sprint2_temple, sprint2_basic_supplies,
          sprint2_obstacle_3, sprint2_obstacle_2, sprint2_obstacle_6,
          sprint2_obstacle_1, sprint2_obstacle_5, sprint2_timed_cluster_1,
          sprint2_smallroom_cluster_1, sprint2_smallroom_final_cluster_1,
          sprint2_transparent_cluster_1, sprint2_second_timed_cluster_1,
          sprint2_sniper_area_1, sprint2_heavy_combat_area_1,
          sprint2_mutation_trap_area_1, sprint2_forest_area_1,
          sprint2_light_combat_area_1, sprint2_behind_water_1,
          sprint2_near_end_vault_1]

Skill      XL: |  1  2  3  4 |
---------------+-------------+-----
Stealth        | 3 4 |  4.4
Spellcasting   | 5 6 7 |  7.4
Dodging        | 3 |  3.7
Short Blades   | 1 |  1.0
Conjurations   | |  1.0
Summonings     | |  1.0
Translocations | |  1.0

Action                   |  1- 3 |  4- 6 || total
-------------------------+-------+-------++-------
Melee: Dagger            |    12 |     2 ||    14
       Tentacles         |     1 |       ||     1
       Constrict         |     2 |     1 ||     3
 Cast: Call Imp          |       |     5 ||     5
       Magic Dart        |       |     3 ||     3
       Mephitic Cloud    |       |     1 ||     1
  Use: Potion            |     2 |     1 ||     3
Dodge: Dodged            |     3 |       ||     3

Table legend: (Time is in decaauts)
 A = Elapsed time spent in this place.
 B = Non-inter-level travel time spent in this place.
 C = Inter-level travel time spent in this place.
 D = Time resting spent in this place.
 E = Time spent auto-exploring this place.
 F = Levels seen in this place.
 G = Mean time per level.
                   A        B        C        D        E       F      G
               +--------+--------+--------+--------+--------+-----+--------+
         Total |    326 |    326 |      0 |    224 |      0 |   1 |  326.0 |
       Dungeon |    326 |    326 |      0 |    224 |      0 |   1 |  326.0 |
               +--------+--------+--------+--------+--------+-----+--------+

Top non-repeatable levels by time:
       D: 326 daAuts
